MLB
CHICAGO CUBS @ PITTSBURGH PIRATES
05/19/2020
 
TOP OF THE 1ST
Chicago Cubs batting - Pitching for Pittsburgh Pirates : RHP Mitch Keller
Pitching: RHP Mitch Keller
Batting: SHB Ian Happ 0-0: Called Strike
0-1: Called Strike
0-2: Ball
1-2: Strikes out swinging
Batting: RHB Kris Bryant 0-0: Ball
1-0: Ball
2-0: Called Strike
2-1: Foul Ball, location: 2F
2-2: Ball
3-2: Strikes out swinging
Batting: LHB Anthony Rizzo 0-0: Called Strike
0-1: Foul Ball, location: 2F
0-2: Ball
1-2: Ball
2-2: Ball
3-2: Fly out, F7 (Flyball, 7D, EV 102.5 MPH)
Top of the 1st over - 0 runs, 0 hits, 0 errors, 0 left on base; Chicago 0 - Pittsburgh 0
BOTTOM OF THE 1ST
Pittsburgh Pirates batting - Pitching for Chicago Cubs : LHP Jon Lester
Pitching: LHP Jon Lester
Batting: RHB Kevin Newman 0-0: Ball
1-0: Swinging Strike
1-1: Ball
2-1: Foul Ball, location: 2F
2-2: Ball
3-2: Foul Ball, location: 2F
3-2: Ground out 6-3 (Groundball, 6, EV 107.5 MPH)
Batting: LHB Adam Frazier 0-0: Ball
1-0: Foul Ball, location: 2F
1-1: Ball
2-1: Foul Ball, location: 2F
2-2: Foul Ball, location: 2F
2-2: Strikes out swinging
Batting: SHB Bryan Reynolds 0-0: Ball
1-0: Called Strike
1-1: Ball
2-1: Ball
3-1: Base on Balls
Batting: SHB Josh Bell 0-0: Ball
1-0: Ball
2-0: Called Strike
2-1: Ball
3-1: Base on Balls
Bryan Reynolds to second
Batting: LHB Gregory Polanco 0-0: Foul Ball, location: 2F
0-1: Ball
1-1: Called Strike
1-2: Ball
2-2: Strikes out swinging
Bottom of the 1st over - 0 runs, 0 hits, 0 errors, 2 left on base; Chicago 0 - Pittsburgh 0
TOP OF THE 2ND
Chicago Cubs batting - Pitching for Pittsburgh Pirates : RHP Mitch Keller
Batting: RHB Javier Baez 0-0: Called Strike
0-1: Ball
1-1: Ball
2-1: Ball
3-1: Foul Ball, location: 2F
3-2: Strikes out looking
Batting: LHB Kyle Schwarber 0-0: Called Strike
0-1: Swinging Strike
0-2: Ball
1-2: Strikes out swinging
Batting: LHB Jason Heyward 0-0: Foul Ball, location: 2F
0-1: Ball
1-1: Called Strike
1-2: Strikes out looking
Top of the 2nd over - 0 runs, 0 hits, 0 errors, 0 left on base; Chicago 0 - Pittsburgh 0
BOTTOM OF THE 2ND
Pittsburgh Pirates batting - Pitching for Chicago Cubs : LHP Jon Lester
Batting: RHB Ke'Bryan Hayes 0-0: Ball
1-0: Foul Ball, location: 2F
1-1: Foul Ball, location: 2F
1-2: Ball
2-2: Ball
3-2: Strikes out swinging
Batting: RHB Guillermo Heredia 0-0: Called Strike
0-1: Foul Ball, location: 2F
0-2: Ball
1-2: SINGLE (Line Drive, 34D, EV 93.8 MPH)
Batting: RHB Luke Maile 0-0: Ball
1-0: Ball
Passed Ball!
Guillermo Heredia to second
2-0: Ball
3-0: Base on Balls
Batting: RHB Mitch Keller 0-0: Ball
1-0: Sac Bunt to 13 - play at first, batter OUT! 1-4
Guillermo Heredia to third
Luke Maile to second
Batting: RHB Kevin Newman 0-0: Ball
1-0: Called Strike
1-1: Fly out, F3 (Line Drive, 3, EV 71.3 MPH)
Bottom of the 2nd over - 0 runs, 1 hit, 0 errors, 2 left on base; Chicago 0 - Pittsburgh 0
TOP OF THE 3RD
Chicago Cubs batting - Pitching for Pittsburgh Pirates : RHP Mitch Keller
Batting: SHB Victor Caratini 0-0: Called Strike
0-1: Ball
1-1: Ball
2-1: Foul Ball, location: 2F
2-2: Foul Ball, location: 2F
2-2: SINGLE (Popup, 5D, EV 70.6 MPH)
Batting: RHB Albert Almora Jr. 0-0: Ball
1-0: Ground out 4-3 (Groundball, 4S, EV 66.9 MPH)
Victor Caratini to second
Batting: LHB Jon Lester 0-0: Called Strike
0-1: Ball
1-1: Called Strike
1-2: Strikes out swinging
Batting: SHB Ian Happ 0-0: Called Strike
0-1: Swinging Strike
0-2: Strikes out swinging
Top of the 3rd over - 0 runs, 1 hit, 0 errors, 1 left on base; Chicago 0 - Pittsburgh 0
BOTTOM OF THE 3RD
Pittsburgh Pirates batting - Pitching for Chicago Cubs : LHP Jon Lester
Batting: LHB Adam Frazier 0-0: Called Strike
0-1: DOUBLE (Line Drive, 8LXD, EV 104.4 MPH)
Batting: SHB Bryan Reynolds 0-0: Foul Ball, location: 2F
0-1: Fly out, F9 (Line Drive, 9D, EV 93.8 MPH)
Runner from 2nd tags up, SAFE at 3rd, no throw by RF
Batting: SHB Josh Bell 0-0: Foul Ball, location: 2F
0-1: Ball
1-1: Called Strike
1-2: SINGLE (Groundball, 4MD, EV 100.6 MPH)
Adam Frazier scores
Batting: LHB Gregory Polanco 0-0: Ball
1-0: Fly out, F8 (Line Drive, 8RM, EV 108.8 MPH)
Batting: RHB Ke'Bryan Hayes 0-0: Called Strike
0-1: Ball
1-1: Foul Ball, location: 2F
1-2: Ball
2-2: Strikes out swinging
Bottom of the 3rd over - 1 run, 2 hits, 0 errors, 1 left on base; Chicago 0 - Pittsburgh 1
TOP OF THE 4TH
Chicago Cubs batting - Pitching for Pittsburgh Pirates : RHP Mitch Keller
Batting: RHB Kris Bryant 0-0: Ball
1-0: Called Strike
1-1: Called Strike
1-2: Foul Ball, location: 2F
1-2: Ball
2-2: Fly out, F7 (Flyball, 7LM, EV 83.1 MPH)
Batting: LHB Anthony Rizzo 0-0: Called Strike
0-1: Swinging Strike
0-2: Ball
1-2: Ball
2-2: Ball
3-2: Strikes out looking
Batting: RHB Javier Baez 0-0: Ball
1-0: Foul Ball, location: 2F
1-1: Ball
2-1: Called Strike
2-2: Foul Ball, location: 2F
2-2: Ball
3-2: Strikes out swinging
Top of the 4th over - 0 runs, 0 hits, 0 errors, 0 left on base; Chicago 0 - Pittsburgh 1
BOTTOM OF THE 4TH
Pittsburgh Pirates batting - Pitching for Chicago Cubs : LHP Jon Lester
Batting: RHB Guillermo Heredia 0-0: Ground out 5-3 (Groundball, 56S, EV 80.6 MPH)
Batting: RHB Luke Maile 0-0: Ball
1-0: Ball
2-0: Ball
3-0: Called Strike
3-1: Called Strike
3-2: Foul Ball, location: 2F
3-2: Foul Ball, location: 2F
3-2: Fly out, F7 (Line Drive, 7, EV 97.5 MPH)
Batting: RHB Mitch Keller 0-0: Called Strike
0-1: Ball
1-1: SINGLE (Line Drive, 56D, EV 96.9 MPH)
Batting: RHB Kevin Newman 0-0: Called Strike
0-1: SINGLE (Flyball, 7LS, EV 98.1 MPH)
Mitch Keller to second
Batting: LHB Adam Frazier 0-0: Swinging Strike
0-1: Fly out, F7 (Flyball, 7, EV 76.3 MPH)
Bottom of the 4th over - 0 runs, 2 hits, 0 errors, 2 left on base; Chicago 0 - Pittsburgh 1
TOP OF THE 5TH
Chicago Cubs batting - Pitching for Pittsburgh Pirates : RHP Mitch Keller
Batting: LHB Kyle Schwarber 0-0: Foul Ball, location: 2F
0-1: Swinging Strike
0-2: Strikes out swinging
Batting: LHB Jason Heyward 0-0: Called Strike
0-1: Swinging Strike
0-2: Ball
1-2: Strikes out swinging
Batting: SHB Victor Caratini 0-0: Called Strike
0-1: Ball
1-1: Swinging Strike
1-2: Ball
2-2: Ground out 1-3 (Groundball, P, EV 72.5 MPH)
Top of the 5th over - 0 runs, 0 hits, 0 errors, 0 left on base; Chicago 0 - Pittsburgh 1
BOTTOM OF THE 5TH
Pittsburgh Pirates batting - Pitching for Chicago Cubs : LHP Jon Lester
Batting: SHB Bryan Reynolds 0-0: Ball
1-0: Ball
2-0: Ball
3-0: Called Strike
3-1: SINGLE (Line Drive, 7S, EV 105.6 MPH)
Batting: SHB Josh Bell 0-0: Ball
1-0: Swinging Strike
1-1: Fielders Choice at 2nd, 6-4 (Groundball, 56, EV 103.8 MPH)
Batting: LHB Gregory Polanco 0-0: SINGLE (Groundball, 34D, EV 102.5 MPH)
Josh Bell to second
Runner from 2nd tries for 3rd, OUT! 9-5
Batting: RHB Ke'Bryan Hayes 0-0: SINGLE (Groundball, 6MD, EV 98.8 MPH)
Gregory Polanco to second
Runner from 2nd tries for 3rd, SAFE, no throw by CF
Batting: RHB Guillermo Heredia 0-0: Foul Ball, location: 2F
0-1: Foul Ball, location: 2F
0-2: Fly out, F4 (Popup, 3DF, EV 74.4 MPH)
Bottom of the 5th over - 0 runs, 3 hits, 0 errors, 2 left on base; Chicago 0 - Pittsburgh 1
TOP OF THE 6TH
Chicago Cubs batting - Pitching for Pittsburgh Pirates : RHP Mitch Keller
Batting: RHB Albert Almora Jr. 0-0: Ball
1-0: Swinging Strike
1-1: Fly out, F8 (Flyball, 8RS, EV 91.9 MPH)
Batting: LHB Jon Lester 0-0: Ball
1-0: Swinging Strike
1-1: Ball
2-1: Swinging Strike
2-2: Ball
3-2: Foul Ball, location: 2F
3-2: Strikes out swinging
Batting: SHB Ian Happ 0-0: Called Strike
0-1: Called Strike
0-2: Foul Ball, location: 2F
0-2: Ball
1-2: Ball
2-2: Ball
3-2: Fly out, F8 (Line Drive, 8RM, EV 88.8 MPH)
Top of the 6th over - 0 runs, 0 hits, 0 errors, 0 left on base; Chicago 0 - Pittsburgh 1
BOTTOM OF THE 6TH
Pittsburgh Pirates batting - Pitching for Chicago Cubs : LHP Jon Lester
Pitching: LHP Brad Wieck
Batting: RHB Luke Maile 0-0: Ball
1-0: Foul Ball, location: 2F
1-1: Ball
2-1: Ground out U3 (Groundball, 3L, EV 98.1 MPH)
Pinch Hitting: LHB Kevin Kramer 0-0: Ball
1-0: Foul Ball, location: 2F
1-1: Ball
2-1: Ball
3-1: Called Strike
3-2: Fly out, F9 (Flyball, 9, EV 89.4 MPH)
Batting: RHB Kevin Newman 0-0: Called Strike
0-1: Ball
1-1: Foul Ball, location: 2F
1-2: SINGLE (Groundball, 6S, EV 71.3 MPH) (infield hit)
Batting: LHB Adam Frazier 0-0: Ball
1-0: Ball
2-0: Called Strike
2-1: Fielders Choice at 2nd, 5-4 (Groundball, 56, EV 88.8 MPH)
Bottom of the 6th over - 0 runs, 1 hit, 0 errors, 1 left on base; Chicago 0 - Pittsburgh 1
TOP OF THE 7TH
Chicago Cubs batting - Pitching for Pittsburgh Pirates : RHP Mitch Keller
Pitching: RHP Dovydas Neverauskas
Batting: RHB Kris Bryant 0-0: Ball
1-0: Called Strike
1-1: Ball
2-1: Called Strike
2-2: SINGLE (Groundball, 56D, EV 98.8 MPH)
Batting: LHB Anthony Rizzo 0-0: Ball
1-0: Foul Ball, location: 2F
1-1: Ball
2-1: Foul Ball, location: 2F
2-2: Ball
3-2: Hit by Pitch
Kris Bryant to second
Batting: RHB Javier Baez 0-0: Ball
1-0: Ball
2-0: Called Strike
2-1: Fly out, F8 (Line Drive, 8RM, EV 90.6 MPH)
Batting: LHB Kyle Schwarber 0-0: Called Strike
0-1: Foul Ball, location: 2F
0-2: Ball
1-2: Hit by Pitch
Kris Bryant to third
Anthony Rizzo to second
Batting: LHB Jason Heyward 0-0: Swinging Strike
0-1: Ball
1-1: Foul Ball, location: 2F
1-2: Ball
2-2: Ball
3-2: Base on Balls
Kris Bryant scores
Anthony Rizzo to third
Kyle Schwarber to second
Pitching: RHP Edgar Santana
Batting: SHB Victor Caratini 0-0: Called Strike
0-1: SINGLE (Line Drive, 89S, EV 99.4 MPH)
Anthony Rizzo scores
Kyle Schwarber to third
Jason Heyward to second
Runner from 3rd tries for Home, SAFE, throw by RF to home
Batting: RHB Albert Almora Jr. 0-0: Called Strike
0-1: Swinging Strike
0-2: Grounds into double play, 4-6-3 (Groundball, 4, EV 105.6 MPH)
Top of the 7th over - 3 runs, 2 hits, 0 errors, 1 left on base; Chicago 3 - Pittsburgh 1
BOTTOM OF THE 7TH
Pittsburgh Pirates batting - Pitching for Chicago Cubs : LHP Brad Wieck
Pitching: RHP Jeremy Jeffress
Batting: SHB Bryan Reynolds 0-0: Foul Ball, location: 2F
0-1: Swinging Strike
0-2: SINGLE (Groundball, 4MD, EV 102.5 MPH)
Batting: SHB Josh Bell 0-0: Grounds into double play, 3-6-3 (Groundball, 3, EV 85.0 MPH)
Batting: LHB Gregory Polanco 0-0: Ball
1-0: Ball
2-0: Ball
3-0: Base on Balls
Batting: RHB Ke'Bryan Hayes 0-0: Ball
1-0: Ball
2-0: Ball
3-0: Called Strike
3-1: Base on Balls
Gregory Polanco to second
Batting: RHB Guillermo Heredia 0-0: Called Strike
0-1: Ground out 1-3 (Groundball, P, EV 84.4 MPH)
Bottom of the 7th over - 0 runs, 1 hit, 0 errors, 2 left on base; Chicago 3 - Pittsburgh 1
TOP OF THE 8TH
Chicago Cubs batting - Pitching for Pittsburgh Pirates : RHP Edgar Santana
Pinch Hitting: RHB Steven Souza Jr. 0-0: Ball
1-0: Ball
2-0: Ball
3-0: Base on Balls
Batting: SHB Ian Happ 0-0: Ball
1-0: Sac Bunt to 23 - play at first, batter OUT! 3-4
Steven Souza Jr. to second
Batting: RHB Kris Bryant 0-0: Called Strike
0-1: Ball
1-1: Ball
2-1: Ball
3-1: Base on Balls
Pitching: LHP Brandon Waddell
Batting: LHB Anthony Rizzo 0-0: Foul Ball, location: 2F
0-1: Ball
1-1: Ball
2-1: Foul Ball, location: 2F
2-2: Ball
3-2: Strikes out swinging
Kris Bryant is caught stealing 2nd base 2-6
Steven Souza Jr. steals 3rd base
Batter strikes out.
Top of the 8th over - 0 runs, 0 hits, 0 errors, 1 left on base; Chicago 3 - Pittsburgh 1
BOTTOM OF THE 8TH
Pittsburgh Pirates batting - Pitching for Chicago Cubs : RHP Jeremy Jeffress
Pitching: RHP Brandon Morrow
Batting: RHB Luke Maile 0-0: Ball
1-0: Called Strike
1-1: Fly out, F7 (Flyball, 7LM, EV 86.9 MPH)
Pinch Hitting: LHB Colin Moran 0-0: Called Strike
0-1: Ball
1-1: Foul Ball, location: 2F
1-2: Foul Ball, location: 2F
1-2: Strikes out swinging
Batting: RHB Kevin Newman 0-0: Ball
1-0: Ball
2-0: Ball
3-0: Base on Balls
Batting: LHB Adam Frazier 0-0: Ball
1-0: Foul Ball, location: 2F
1-1: Ground out U3 (Groundball, 3, EV 102.5 MPH)
Bottom of the 8th over - 0 runs, 0 hits, 0 errors, 1 left on base; Chicago 3 - Pittsburgh 1
TOP OF THE 9TH
Chicago Cubs batting - Pitching for Pittsburgh Pirates : LHP Brandon Waddell
Pitching: LHP Robbie Erlin
Batting: RHB Javier Baez 0-0: Ball
1-0: Ball
2-0: Foul Ball, location: 2F
2-1: Fly out, F8 (Flyball, 8LD, EV 86.3 MPH)
Batting: LHB Kyle Schwarber 0-0: Swinging Strike
0-1: Fly out, F5 (Popup, 5D, EV 58.8 MPH)
Batting: LHB Jason Heyward 0-0: Ball
1-0: Ball
2-0: Ball
3-0: Foul Ball, location: 2F
3-1: Ground out 4-3 (Groundball, 34D, EV 99.4 MPH)
Top of the 9th over - 0 runs, 0 hits, 0 errors, 0 left on base; Chicago 3 - Pittsburgh 1
BOTTOM OF THE 9TH
Pittsburgh Pirates batting - Pitching for Chicago Cubs : RHP Brandon Morrow
Pitching: RHP Craig Kimbrel
Now at 2B: Hernan Perez
Batting: SHB Bryan Reynolds 0-0: Swinging Strike
0-1: Foul Ball, location: 2F
0-2: Strikes out swinging
Batting: SHB Josh Bell 0-0: Ball
1-0: Foul Ball, location: 2F
1-1: Ball
2-1: Foul Ball, location: 2F
2-2: Strikes out swinging
Batting: LHB Gregory Polanco 0-0: Swinging Strike
0-1: Foul Ball, location: 2F
0-2: Strikes out looking
Bottom of the 9th over - 0 runs, 0 hits, 0 errors, 0 left on base; Chicago 3 - Pittsburgh 1
Monday, May 25th, 2020 - OOTP Baseball 21.3 Build 54